 Dungeon Crawl Stone Soup version 0.21.0-3-g78d12a8 (webtiles) character file.

641 komo4ek the Caller (level 7, 0/57 HPs)
             Began as a Yellow Draconian Summoner on Jan 9, 2018.
             Was an Initiate of Fedhas.
             Slain by a killer bee (8 damage)
             ... on level 6 of the Dungeon.
             The game lasted 00:16:34 (5547 turns).

komo4ek the Caller (Yellow Draconian Summoner)      Turns: 5547, Time: 00:16:35

Health: 0/57       AC:  6    Str: 10    XL:     7   Next: 26%
Magic:  0/4        EV: 12    Int: 17    God:    Fedhas [......]
Gold:   363        SH:  0    Dex: 16    Spells: 12/16 levels left

rFire    . . .     SeeInvis .   b - +6 spear "Soys" {antimagic, +Fly rN++ Dex+4}
rCold    . . .     Gourm    .   (no shield)
rNeg     + + .     Faith    .   (armour unavailable)
rPois    .         Spirit   .   (helmet restricted)
rElec    .         Reflect  .   (no cloak)
rCorr    +         Harm     .   (no gloves)
MR       .....                  (no boots)
Stlth    ++........             (no amulet)
HPRegen  0.19/turn              (no ring)
MPRegen  0.09/turn              (no ring)

@: lethally poisoned (0 -> -3)
A: spit acid, acid resistance, unfitting armour, cold-blooded, AC +6
a: Breathe Acid, Fungal Bloom, Renounce Religion, Evoke Flight


You were on level 6 of the Dungeon.
You worshipped Fedhas.
Fedhas was noncommittal.
You were very hungry.

You visited 1 branch of the dungeon, and saw 6 of its levels.

You collected 363 gold pieces.

Inventory:

Hand Weapons
 b - the +6 spear "Soys" (weapon) {antimagic, +Fly rN++ Dex+4}
   (You found it on level 4 of the Dungeon)

   It reduces the magical energy of the wielder, and disrupts the spells and
   magical abilities of those hit.
   Natural abilities and divine invocations are not affected.
   It affects your dexterity (+4).
   It greatly protects you from negative energy.
   It lets you fly.
 c - a +0 dagger
 d - a +0 club
Armour
 t - a +0 pair of gloves
Jewellery
 f - a cursed amulet of inaccuracy {unknown}
 h - an uncursed ring of protection from fire {unknown}
 i - an uncursed ring of wizardry {unknown}
Scrolls
 e - 7 scrolls of identify {unknown}
 g - 2 scrolls of teleportation {unknown}
 j - 2 scrolls of fog {unknown}
 k - 3 scrolls of amnesia {unknown}
 l - 3 scrolls of remove curse {unknown}
 o - 3 scrolls of magic mapping {unknown}
 r - 4 scrolls of enchant weapon {unknown}
 u - 3 scrolls of noise {unknown}
 x - 2 scrolls of immolation {unknown}
 A - a scroll of enchant armour {unknown}
 B - 4 scrolls of random uselessness {unknown}
Potions
 m - a potion of curing
 n - 5 potions of heal wounds {unknown}
 p - 2 potions of mutation {unknown}
 s - 2 potions of lignification {unknown}
 v - 2 potions of might {unknown}
 w - 2 potions of degeneration {unknown}
 z - a potion of haste {unknown}
Books
 a - a book of Callings

   Spells                             Type                      Level
   a - Summon Small Mammal            Summoning                    1
   b - Call Imp                       Summoning                    2
   c - Call Canine Familiar           Summoning                    3
   d - Summon Guardian Golem          Hexes/Summoning              3
   e - Summon Lightning Spire         Summoning/Air                4
   f - Summon Ice Beast               Ice/Summoning                4
 y - a book of Party Tricks

   Spells                             Type                      Level
   a - Summon Butterflies             Summoning                    1
   b - Apportation                    Translocation                1
   c - Lesser Beckoning               Translocation                3
   d - Tukima's Dance                 Hexes                        3
   e - Alistair's Intoxication        Transmutation/Poison         5
   f - Invisibility                   Hexes                        6
Comestibles
 q - 4 rations


   Skills:
 + Level 3.5 Fighting
 - Level 1.7 Dodging
 - Level 1.7 Stealth
 * Level 5.0 Spellcasting
 + Level 5.2 Summonings
 + Level 2.3 Invocations
 + Level 2.1 Evocations


You had 12 spell levels left.
You knew the following spells:

 Your Spells              Type           Power        Failure   Level  Hunger
a - Summon Small Mammal   Summ           ###.         1%          1    None
b - Call Canine Familiar  Summ           ###.....     4%          3    ###....


Dungeon Overview and Level Annotations

Branches:
Dungeon (6/15)
 Temple: D:4-7

Altars:
Ashenzari
Elyvilon
Fedhas
Gozag
Makhleb
Okawaru
Qazlal
Trog
Xom


Innate Abilities, Weirdness & Mutations

You can spit globs of acid.
You are resistant to acid.
Your golden yellow scales are hard. (AC +6)
You cannot fit into any form of body armour.
You are cold-blooded and may be slowed by cold attacks.


Message History

You are too injured to fight recklessly!
Really attack your hound?
Okay, then.
You swap places.
The killer bee stings you.
* * * LOW HITPOINT WARNING * * *
The killer bee barely misses you.
You swap places.
The killer bee stings your hound.
Your hound dies!
Your hound's corpse disappears in a puff of smoke!
The killer bee stings you but does no damage.
The killer bee misses you.
Casting: Call Canine Familiar
Confirm with . or Enter, or press ? or * to list all spells.
The killer bee stings you.
* * * LOW HITPOINT WARNING * * *
You are poisoned.
The killer bee poisons you! The killer bee barely misses you.
The killer bee stings you!
You die...
Fedhas appreciates your contribution to the ecosystem.

#y.# #.# ... #..#
#.###...#. #..#
#.........
#..#######)###...##
###........<.........
#.).....####......###
#†#####.# ##.#####
#y# #r#####.# #.#
#@y.....# #.#
#y####### #.#####.#
#...§...# #########


You could see 2 killer bees and a friendly rat.

Vanquished Creatures
  Menkaure (D:5)
  3 killer bees (D:6)
  2 crimson imps (D:5)
  A bullfrog zombie (D:5)
  A bullfrog skeleton (D:5)
  2 orc wizards
  2 adders (D:3)
  A shadow imp (D:5)
  2 dart slugs
  6 orcs
  A ball python (D:1)
  3 giant cockroaches
  A goblin (D:3)
  3 hobgoblins (D:1)
  2 jackals (D:5)
  6 kobolds
  A quokka (D:2)
  3 bats (D:1)
  3 frilled lizards
  2 rats
46 creatures vanquished.

Vanquished Creatures (collateral kills)
  A scorpion (D:4)
  A howler monkey (D:4)
  A crimson imp (D:5)
  An orc priest (D:6)
  4 adders
  4 gnolls (D:2)
  A worm (D:4)
  A dart slug (D:3)
  An orc (D:6)
  A ball python (D:3)
  2 goblins
  A hobgoblin (D:1)
  A jackal (D:5)
  A bat (D:1)
  2 frilled lizards (D:1)
  2 kobolds
  A rat (D:2)
26 creatures vanquished.

Vanquished Creatures (others)
  An orc wizard (D:4)
1 creature vanquished.

Grand Total: 73 creatures vanquished

Notes
Turn   | Place    | Note
-------+----------+-------------------------------------------
     0 | D:1      | komo4ek the Draconian Summoner began the quest for the Orb.
     0 | D:1      | Reached XP level 1. HP: 14/14 MP: 3/3
   458 | D:1      | Reached XP level 2. HP: 18/22 MP: 5/5
  1074 | D:1      | Reached skill level 1 in Fighting
  2115 | D:2      | Reached XP level 3. HP: 25/28 MP: 2/7
  2120 | D:2      | Learned a level 3 spell: Call Canine Familiar
  2946 | D:3      | Found a burning altar of Makhleb.
  2946 | D:3      | Found an opulent altar of Gozag.
  2960 | D:3      | Found a blossoming altar of Fedhas.
  2960 | D:3      | Found a stormy altar of Qazlal.
  2967 | D:3      | Became a worshipper of Fedhas Madash
  2992 | D:3      | Reached XP level 4. HP: 36/36 MP: 1/8
  3069 | D:3      | Found a bloodstained altar of Trog.
  3100 | D:3      | Found a white marble altar of Elyvilon.
  4106 | D:4      | Found an iron altar of Okawaru.
  4184 | D:4      | Reached XP level 5. HP: 42/42 MP: 6/10
  4196 | D:4      | Got a faintly glowing spear
  4197 | D:4      | Identified the +6 spear "Soys" {antimagic, +Fly rN++ Dex+4} (You found it on level 4 of the Dungeon)
  4415 | D:5      | Entered Level 5 of the Dungeon
  4533 | D:5      | Found a shattered altar of Ashenzari.
  4580 | D:5      | Found a shimmering altar of Xom.
  4688 | D:5      | Noticed Menkaure
  4695 | D:5      | Killed Menkaure
  4695 | D:5      | Reached skill level 1 in Invocations
  4695 | D:5      | Reached skill level 1 in Evocations
  4695 | D:5      | Reached XP level 6. HP: 50/50 MP: 0/12
  4785 | D:5      | Reached skill level 5 in Summonings
  5475 | D:6      | Your scales start taking on a golden yellow colour.
  5475 | D:6      | Reached XP level 7. HP: 56/57 MP: 2/14
  5535 | D:6      | Reached skill level 5 in Spellcasting
  5547 | D:6      | Slain by a killer bee

Skill      XL: |  1  2  3  4  5  6  7 |
---------------+----------------------+-----
Fighting       | 1 2 3 |  3.5
Spellcasting   | 3 4 5 |  5.0
Invocations    | 1 2 |  2.3
Evocations     | 1 2 |  2.1
Summonings     | 5 |  5.2
Dodging        | |  1.7
Stealth        | |  1.7

Action                   |  1- 3 |  4- 6 |  7- 9 || total
-------------------------+-------+-------+-------++-------
Melee: Club              |    79 |    32 |       ||   111
       Dagger            |     5 |       |       ||     5
       Unarmed           |     2 |       |       ||     2
       Tailslap          |     9 |     8 |       ||    17
       Spear             |       |    64 |    13 ||    77
 Cast: Summon Small Mamm |    23 |     2 |     1 ||    26
       Call Canine Famil |     7 |    10 |     2 ||    19
Invok: Fungal Bloom      |       |     1 |       ||     1
 Abil: Breathe Acid      |       |       |     1 ||     1
  Use: Potion            |       |     4 |     2 ||     6
 Stab: Sleeping          |     3 |     1 |       ||     4
       Distracted        |       |     1 |       ||     1
  Eat: Ration            |     2 |     2 |       ||     4
       Chunk             |     2 |       |       ||     2
Armor: Skin              |    32 |    18 |     7 ||    57
Dodge: Dodged            |    75 |    60 |    15 ||   150
